 Dungeon Crawl Stone Soup version 0.19-a0-1008-g4c63d25 (webtiles) character file.

99 HAL9000 the Ruffian (level 4, 0/35 HPs)
             Began as a Draconian Transmuter on July 23, 2016.
             Slain by a goblin
             ... wielding a +0 dagger
             ... led by Robin
              (7 damage)
             ... on level 2 of the Dungeon.
             The game lasted 00:03:34 (1948 turns).

HAL9000 the Ruffian (Draconian Transmuter)          Turns: 1948, Time: 00:03:35

Health: 0/35       AC:  5    Str: 18    XL:     4   Next: 45%
Magic:  1/7        EV: 17    Int: 13    God:
Gold:   67         SH:  0    Dex: 17    Spells: 3 memorised, 1 level left

rFire  x . .     SeeInvis .       - Unarmed
rCold  + . .     Gourm    .     (armour unavailable)
rNeg   . . .     Faith    .     (no shield)
rPois  .         Spirit   .     (helmet restricted)
rElec  .         Dismiss  .     (no cloak)
rCorr  .         Reflect  .     (no gloves)
SustAt .         Harm     .     (no boots)
MR     .....                    (no amulet)
Stlth  ++........               r - ring of loudness (curse)
                                q - ring of ice

@: mighty, agile, very slightly contaminated, not resistant to hostile
enchantments, unstealthy
A: unfitting armour, cold-blooded, AC +5
a: no special abilities


You were on level 2 of the Dungeon.
You were hungry.

You visited 1 branch of the dungeon, and saw 2 of its levels.

You collected 67 gold pieces.

Inventory:

Missiles
 a - 40 arrows
Jewellery
 q - a ring of ice (left hand)
 r - a cursed ring of loudness (right hand)
Scrolls
 d - a scroll of fog {unknown}
 i - a scroll of random uselessness {unknown}
 l - a scroll of noise {unknown}
 p - a scroll of identify {unknown}
Potions
 e - a potion of cure mutation
Books
 b - a book of Changes

   Spells                             Type                      Level
   a - Beastly Appendage              Transmutation                1
   b - Sticks to Snakes               Transmutation                2
   c - Spider Form                    Transmutation/Poison         3
   d - Ice Form                       Ice/Transmutation            4
   e - Blade Hands                    Transmutation                5
Comestibles
 c - a bread ration
 g - 2 meat rations
 k - a slice of pizza


   Skills:
 - Level 1.1 Fighting
 - Level 1.7 Dodging
 + Level 4.4 Unarmed Combat
 - Level 2.0 Spellcasting
 + Level 3.4 Transmutations


You had one spell level left.
You knew the following spells:

 Your Spells              Type           Power        Failure   Level  Hunger
a - Beastly Appendage     Tmut           ##....       10%         1    ##.....
b - Sticks to Snakes      Tmut           ##......     12%         2    ###....
c - Spider Form           Tmut/Pois      #.........   38%         3    ####...


Dungeon Overview and Level Annotations

Branches:
Dungeon (2/15)

Altars:
Okawaru

Annotations:
D:2 Robin


Innate Abilities, Weirdness & Mutations

Your plain brown scales are hard. (AC +5)
Your body does not fit into most forms of armour.
You are cold-blooded and may be slowed by cold attacks.


Message History

The goblin hits you but does no damage. The goblin misses you.
Things that are here:
a hand axe; a scale mail; the human corpse of Terence Robin throws the goblin at you!
* * * LOW HITPOINT WARNING * * *
The goblin misses you.
You hit the goblin.
You kill the goblin!
Robin throws the goblin at you! The goblin closely misses you.
Unknown command.
You punch the goblin!
You kill the goblin!
The hobgoblin no longer looks unusually strong.
The hobgoblin closely misses you. Robin throws the goblin at you!
The goblin barely misses you.
You miss the goblin.
The hobgoblin no longer looks unusually strong.
The goblin hits you with a dagger!
You die...

###### ### #....# ####.# #....#
#....# #### #....# #.##.# #..#
####....# ###.##.# ##..#
.##.......# ###...##.#####(.##
.....#....# ####@g.####.##..<..#
........#.###.)gg### #<.#.##.##
.....##....##g##########......#
..g######...gg†)......##..#.###
... ## #...gg......#..#.##.#
.#.#.#.##..###.()##.##......#####
........#..#(##..##.##...##......
## #.#...##.##..#......##....[.
#......##....#..#.#..#......


You could see Robin, 2 hobgoblins and 2 goblins.

Vanquished Creatures
  Terence (D:2)
  2 gnolls (D:2)
  A dart slug (D:2)
  A ball python (D:2)
  3 bats
  2 giant cockroaches
  6 goblins
  4 hobgoblins
  3 jackals (D:1)
  2 quokkas (D:2)
  6 giant newts
  4 kobolds
  4 rats
39 creatures vanquished.

Vanquished Creatures (collateral kills)
  An adder (D:2)
  A gnoll (D:2)
  A goblin (D:2)
3 creatures vanquished.

Grand Total: 42 creatures vanquished

Notes
Turn   | Place    | Note
-------+----------+-------------------------------------------
     0 | D:1      | HAL9000 the Draconian Transmuter began the quest for the Orb.
     0 | D:1      | Reached XP level 1. HP: 16/16 MP: 3/3
   316 | D:1      | Found an iron altar of Okawaru.
   489 | D:1      | Reached XP level 2. HP: 23/23 MP: 3/5
  1228 | D:2      | Reached XP level 3. HP: 18/28 MP: 4/6
  1322 | D:2      | Noticed Terence
  1351 | D:1      | Learned a level 2 spell: Sticks to Snakes
  1355 | D:1      | Learned a level 3 spell: Spider Form
  1599 | D:2      | Reached skill level 4 in Unarmed Combat
  1849 | D:2      | Reached XP level 4. HP: 26/35 MP: 2/7
  1927 | D:2      | Noticed Robin
  1942 | D:2      | Killed Terence
  1948 | D:2      | Slain by a goblin

Vault maps used:
D:1:      scummos_arrival_checkerplants, nrook_mini_vaults,
          okawaru_ov_weapons_minmay
D:2:      gammafunk_temple_overflow_elements, minmay_misc_feat_doors,
          minmay_cupped, uniq_robin, uniq_terence

Skill      XL: |  1  2  3 |
---------------+----------+-----
Unarmed Combat | 4 |  4.4
Transmutations | 3 |  3.4
Fighting       | |  1.1
Dodging        | |  1.7
Spellcasting   | |  2.0

Action                   |  1- 3 |  4- 6 || total
-------------------------+-------+-------++-------
Melee: Unarmed           |   122 |    11 ||   133
       Kick              |     4 |       ||     4
       Tailslap          |     6 |     2 ||     8
       Headbutt          |     5 |       ||     5
 Cast: Beastly Appendage |    23 |       ||    23
       Sticks to Snakes  |     6 |       ||     6
  Use: Potion            |       |     5 ||     5
 Stab: Sleeping          |     2 |       ||     2
  Eat: Chunk             |     4 |       ||     4
Armor: Skin              |    49 |     9 ||    58
Dodge: Dodged            |    77 |    40 ||   117
